Map: Eternal Empire LE

Players

BlackWing

  • Race: Zerg Zerg
  • League: Master
  • Spawn Location: 7:00

Syndrome - Winner!

  • Race: Protoss Protoss
  • League: Grandmaster
  • Spawn Location: 1:00

VOD

Have the link to the VOD?

Description

Time

  • Played on: Aug. 11, 2020, 1:26 p.m.
  • Length: 5:56
Show
View Real Time Build Order
Export as new Build Order

BlackWing Zerg 

Build Orders: Hatch First 

Get SALT Encoding   

  12  0:00  Drone  
  13  0:12  Overlord  
  13  0:17  Drone  
  14  0:30  Drone x2  
  16  0:49  Hatchery  
  15  0:52  Drone  
  15  0:56  Drone  
  17  1:00  Drone  
  18  1:09  Extractor  
  17  1:16  Spawning Pool  
  16  1:19  Drone  
  16  1:22  Drone  
  18  1:28  Drone  
  19  1:38  Drone  
  20  1:54  Drone  
  20  1:55  Hatchery  
  20  2:00  Drone  
  21  2:05  Queen  
  23  2:12  Drone  
  23  2:13  Drone  
  25  2:20  Metabolic Boost  
  25  2:24  Overlord  
  25  2:30  Drone x2  
  25  2:35  Zergling x2  
  28  2:44  Queen  
  28  2:47  Queen  
  32  2:53  Drone  
  32  2:57  Drone x3  
  36  3:03  Overlord  
  36  3:07  Queen  
  36  3:10  Drone  
  36  3:12  Drone  
  40  3:21  Overlord  
  40  3:23  Drone  
  40  3:24  Drone x2  
  43  3:27  Queen  
  45  3:36  Roach Warren  
  45  3:38  Overlord  
  45  3:41  Drone x2  
  46  3:46  Drone x2  
  46  3:47  Drone  
  49  3:54  Overlord  
  49  3:55  Drone x2  
  51  3:58  Zergling x6  
  54  4:06  Queen  
  54  4:09  Zergling x6  
  59  4:15  Lair  
  59  4:18  Zergling x6  
  59  4:19  Zergling x2  
  63  4:26  Overlord  
  63  4:27  Overlord, Zergling x2  
  63  4:28  Zergling x2  
  65  4:33  Spore Crawler  
  65  4:34  Spore Crawler  
  65  4:35  Spore Crawler  
  62  4:39  Roach x2  
  66  4:54  Roach x6  
  78  5:06  Roach  
  79  5:08  Zergling x2  
  79  5:09  Zergling x12  
  73  5:24  Roach  
  73  5:25  Roach  
  73  5:26  Zergling x2  
  59  5:43  Drone  
Show
View Real Time Build Order
Export as new Build Order

Syndrome Protoss - Winner!

Build Orders: 1 Gate Expand 

Get SALT Encoding   

  12  0:00  Probe  
  13  0:12  Probe  
  14  0:18  Pylon  
  14  0:24  Probe (Chrono Boost)  
  15  0:36  Probe (Chrono Boost)  
  15  0:38  Gateway  
  16  0:45  Probe (Chrono Boost)  
  17  0:50  Probe  
  17  0:51  Assimilator  
  18  1:03  Probe  
  19  1:15  Probe  
  20  1:24  Nexus  
  20  1:35  Cybernetics Core  
  20  1:37  Probe  
  21  1:47  Assimilator  
  21  1:49  Probe  
  22  1:55  Pylon  
  22  2:01  Probe  
  23  2:11  Warp Gate  
  23  2:12  Stalker  
  23  2:14  Probe  
  26  2:26  Probe  
  26  2:28  Robotics Facility  
  27  2:36  Probe  
  28  2:38  Probe  
  29  2:48  Probe  
  29  2:49  Twilight Council  
  29  2:50  Probe  
  31  3:00  Gateway  
  31  3:14  Gateway x2  
  31  3:17  Warp Prism (Chrono Boost)  
  31  3:20  Charge (Chrono Boost)  
  34  3:40  Gateway  
  34  3:41  Gateway  
  34  3:46  Assimilator  
  34  3:49  Gateway  
  34  4:00  Gateway  
  34  4:01  Probe  
  34  4:08  Zealot x4  
  42  4:21  Probe x2  
  44  4:37  Zealot  
  46  4:41  Pylon  
  46  4:43  Pylon  
  44  4:54  Pylon  
  44  4:56  Pylon  
  44  4:57  Zealot  
  44  5:01  Zealot x8  
  56  5:21  Zealot x7  
  56  5:22  Zealot  
  60  5:42  Zealot x6  
Tags
 
Add a new tag
Caveats
  • Supply blocks, unpowered buildings, or Contaminate may cause inaccurate times.
  • Supply counts are checked every 10 seconds.